 Dungeon Crawl Stone Soup version 0.29.1-1-gd02db6906a (webtiles) character file.

Game seed: 14210491813678855454

51 Ijustatesigmund the Trooper (level 3, 0/24 HPs)
             Began as a Gargoyle Fighter on Sept 19, 2022.
             Slain by Robin
             ... wielding a +0 dagger
              (3 damage)
             ... on level 3 of the Dungeon.
             The game lasted 00:02:33 (1568 turns).

Ijustatesigmund the Trooper (Gargoyle Fighter)      Turns: 1568, Time: 00:02:34

Health: 0/24       AC: 10    Str: 21    XL:     3   Next: 81%
Magic:  3/3        EV:  9    Int:  8    God:
Gold:   37         SH:  4    Dex:  9    Spells: 2/2 levels left

rFire   . . .      SeeInvis .   a - +0 flail
rCold   . . .      Faith    .   c - +0 buckler
rNeg    + . .      Spirit   .   b - +0 scale mail
rPois   ∞          Reflect  .   (no helmet)
rElec   +          Harm     .   (no cloak)
rCorr   .          Rampage  .   (no gloves)
Will    .....                   (no boots)
Stlth   ..........              (no amulet)
HPRegen 0.08/turn               (no ring)
MPRegen 0.08/turn               (no ring)

@: mighty
A: sickness immunity, AC +3, negative energy resistance 1, electricity
resistance, torment resistance 1, petrification resistance
a: no special abilities


You were on level 3 of the Dungeon.
You visited 1 branch of the dungeon, and saw 3 of its levels.

You collected 115 gold pieces.
You spent 78 gold pieces at shops.

Inventory:

Hand Weapons
 a - a +0 flail (weapon)
Armour
 b - a +0 scale mail (worn)
 c - a +0 buckler (worn)
Scrolls
 e - a scroll of vulnerability
 j - a scroll of fear
 k - a scroll of poison
Potions
 d - a potion of might
 f - 2 potions of cancellation
 g - a potion of lignification
 h - a potion of magic
 l - 2 potions of ambrosia {unknown}


   Skills:
 + Level 4.3 Fighting
 + Level 3.1 Maces & Flails
 - Level 3.2 Armour
 - Level 3.2 Shields


You had 2 spell levels left.
You didn't know any spells.
Your spell library contained the following spells:

 Spells                   Type           Power      Damage    Failure   Level
 Blink                    Tloc           0%         N/A       93%         2
 Lesser Beckoning         Tloc           0%         N/A       99%         3
 Portal Projectile        Hex/Tloc       0%         N/A       99%         3
 Tukima's Dance           Hex            0%         N/A       99%         3
 Blade Hands              Tmut           0%         N/A       100%        5
 Manifold Assault         Tloc           0%         N/A       100%        5


Dungeon Overview and Level Annotations

Branches:
Dungeon (3/15)

Altars:

Shops:
D:2 ?

Portals:
Sewer: D:3

Annotations:
D:3 Robin


Innate Abilities, Weirdness & Mutations

You are immune to sickness and miasma.
Your stone body is resilient. (AC +3)
You are immune to poison.
You resist negative energy. (rN+)
You are resistant to electric shocks. (rElec)
You are resistant to unholy torment.
You are immune to petrification.


Message History

The kobold hits you but does no damage. The goblin hits you but does no damage.
A goblin comes into view. It is wielding a +0 dagger.
The ball python barely misses you. The ball python constricts you.
The goblin shouts!
You closely miss the ball python. Robin throws the goblin at you!
The kobold hits you with a +0 short sword.
The ball python bites you but does no damage.
The ball python constricts you. The goblin hits you with a +0 dagger.
Robin barely misses you.
Unknown command.
You barely miss the ball python.
The ball python bites you but does no damage.
The ball python constricts you.
The kobold hits you with a +0 short sword.
The hobgoblin barely misses you. The hobgoblin hits you.
The goblin hits you but does no damage. Robin hits you but does no damage.
The ball python bites you but does no damage.
The ball python constricts you. You block the kobold's attack.
You closely miss the ball python.
The hobgoblin hits you but does no damage.
You block the hobgoblin's attack. The goblin hits you but does no damage.
Robin hits you with a +0 dagger.
The ball python bites you but does no damage.
The ball python constricts you. The kobold barely misses you.
The hobgoblin hits you but does no damage. x2
You thump the ball python!
You kill the ball python!
The goblin hits you but does no damage. Robin throws the goblin at you!
The kobold hits you with a +0 short sword.
The hobgoblin hits you but does no damage.
The hobgoblin hits you. The goblin hits you with a +0 dagger.
* * * LOW HITPOINT WARNING * * *
The goblin hits you with a +0 dagger.
* * * LOW HITPOINT WARNING * * *
Robin hits you but does no damage. The kobold closely misses you.
You block the hobgoblin's attack.
The hobgoblin hits you but does no damage.
The goblin completely misses you. The goblin hits you but does no damage.
Robin hits you with a +0 dagger.
You die...

#.# #.....# #.#
####...... #.#####
......
#..)..##......
##.÷..........
#####.............
#...........~~~...
#...Kggg...~~~~~..
#...g@gg...~~∩~~..
#...g.#g#..~~~~~..
#.....#.#...~~~...
#.....#....g.g....
#.....###.........
#.....# ######....
####### ##.. ..


You could see Robin, 4 hobgoblins, 3 goblins and a kobold.

Vanquished Creatures
  A river rat (D:3)
  5 ball pythons
  5 bats
  3 endoplasms
  A giant cockroach (D:1)
  3 goblins
  3 hobgoblins
  3 jackals (D:1)
  3 quokkas
  3 frilled lizards
  5 kobolds
  2 rats
37 creatures vanquished.

Notes
Turn   | Place    | Note
-------+----------+-------------------------------------------
     0 | D:1      | Ijustatesigmund the Gargoyle Fighter began the quest for
                  | the Orb.
     0 | D:1      | Reached XP level 1. HP: 14/14 MP: 1/1
   168 | D:1      | Reached XP level 2. HP: 17/19 MP: 2/2
  1079 | D:2      | Found Oprale's Magic Scroll Boutique.
  1086 | D:2      | Reached XP level 3. HP: 22/24 MP: 3/3
  1087 | D:2      | Reached skill level 4 in Fighting
  1138 | D:2      | Bought a scroll of fear for 52 gold pieces
  1138 | D:2      | Bought a scroll of identify for 26 gold pieces
  1258 | D:2      | You fall into a shaft and drop 1 floor!
  1269 | D:3      | Found a glowing drain.
  1300 | D:3      | Noticed Robin
  1568 | D:3      | Slain by Robin

Illustrated notes

Levels and vault maps discovered:
D:1:      dpeg_arrival_central, layout_loops_corners
D:2:      layout_rooms, serial_shops, nicolae_shop_stone, nicolae_shop_trees,
          nicolae_shop_crystal, uniq_jessica, uniq_crazy_yiuf_cottage
D:3:      layout_basic, mainiacjoe_overflow_alcove_1,
          shapermc_ecumenical_altar_venn, portal_sewer_entry_a, uniq_robin

Skill      XL: |  1  2  3 |
---------------+----------+-----
Fighting       | 4 |  4.3
Maces & Flails | 3 |  3.1
Armour         | |  3.2
Shields        | |  3.2

Action                   || total
-------------------------++-------
Melee: Flail             ||    98
  Use: Scroll            ||     5
       Potion            ||     1
Armor: Scale mail        ||   114
Dodge: Dodged            ||    95
Block: Buckler           ||    27
